Cogmind - Beta 14 @@@ ROGUE MODE // 2024.11.14 @ 07:22:32 Player: Fangrelle Result: Destroyed by Y-45 Defender with Beam Rifle Performance ------------- Evolutions (0) 0 Regions Visited (2) 400 Robots Destroyed (28) 140 Value Destroyed (646) 646 Prototype IDs (0) 0 Alien Tech Used (0) 0 Bonus (0) 0 TOTAL SCORE: 1186 Bonus ------- None Cogmind --------- Core Integrity 0/250 Matter 280/300 Energy 234/265 System Corruption 1% Temperature Cool (9) Movement Treading (480) Ox4 Location -10/Mines Parts ------- > --- POWER (1) -------- Improved Ion Engine > --- PROPULSION (2) --- Light Treads > --- UTILITY (2) ------ Huge Storage Unit Light Armor Plating > --- WEAPON (2) ------- Ripper > --- INVENTORY (25) --- Light Ion Engine Light Nuclear Core Small Storage Unit High-capacity Matter Pod (200) Visual Processing Unit Signal Interpreter Signal Interpreter Tractor Beam EM Pulse Gun Medium Laser Grenade Launcher Grenade Launcher Datajack Mining Laser Peak State ------------ > --- POWER ------------ Ion Engine > --- PROPULSION ------- Light Treads > --- UTILITY ---------- Huge Storage Unit Light Armor Plating > --- WEAPON ----------- Medium Laser Ripper > --- INVENTORY -------- Light Ion Engine Light Nuclear Core Small Storage Unit High-capacity Matter Pod Visual Processing Unit Signal Interpreter Signal Interpreter Tractor Beam EM Pulse Gun Medium Laser Grenade Launcher Grenade Launcher Datajack Mining Laser [Rating: 10] Favorites ----------- Power Ion Engine Engine Ion Engine Propulsion Light Treads Treads Light Treads Leg Aluminum Leg Wheel Wheel Utility Light Armor Plating Storage Huge Storage Unit Protection Light Armor Plating Weapon Medium Laser Energy Gun Medium Laser Ballistic Gun Light Assault Rifle Special Weapon Mining Laser Slashing Weapon Ripper Build | -11 -10 -10 ------- Run | Yrd Mat Min Slots Evolved . | . . . Power . | . . . Propulsion . | . . . Utility . | . . . Weapon . | . . . Parts Attached 17 | . 14 3 Power 1 | . . 1 Engine 1 | . . 1 Core . | . . . Reactor . | . . . Propulsion 6 | . 5 1 Treads 4 | . 3 1 Leg . | . . . Wheel 2 | . 2 . Hover . | . . . Flight . | . . . Utility 6 | . 6 . Device . | . . . Storage 1 | . 1 . Processor . | . . . Hackware . | . . . Protection 5 | . 5 . Artifact . | . . . Weapon 4 | . 3 1 Energy Gun 2 | . 2 . Energy Cannon . | . . . Ballistic Gun . | . . . Ballistic Cannon . | . . . Launcher . | . . . Special Weapon 1 | . 1 . Impact Weapon . | . . . Slashing Weapon 1 | . . 1 Piercing Weapon . | . . . Special Melee Weapon . | . . . Unidentified Prototypes . | . . . Parts Lost 7 | . 3 4 Power . | . . . Propulsion 3 | . 1 2 Utility 2 | . 2 . Weapon 2 | . . 2 Highest Loss Streak 4 | . 1 4 To Critical Strikes . | . . . Average Slot Usage (%) 98 | . 98 99 Engine 14 | . 14 14 Treads 26 | . 25 27 Storage 14 | . 14 14 Protection 13 | . 12 14 Energy Gun 16 | . 19 13 Ballistic Gun 2 | . 4 . Special Weapon 8 | . 4 13 Peak Build Rating 10 | . 8 10 Average Rating 7 | . 7 8 On Entrance 6 | 6 6 8 Naked Turns . | . . . Heaviest Build 93 | 12 92 93 Greatest Support 40 | 20 40 40 Greatest Overweight (x) 4 | . 2 4 Average Overweight (x) 1 | . . 2 Largest Inventory Capacity 25 | . 25 25 Average Capacity 20 | . 17 25 Most Carried 15 | . 12 15 Average Carried 11 | . 9 13 Final Capacity 25 | 8 25 25 Final Carried 14 | 6 12 14 Class Distribution -------------------- 100% | Mutant Dominant Class ---------------- Mutant | -10/Materials Mutant | -10/Mines Resources | -11 -10 -10 ----------- Run | Yrd Mat Min Matter Collected 440 | 144 285 11 Remotely . | . . . Salvage Created 867 | . 809 58 Parts 46 | . 43 3 Haulers Intercepted 1 | . 1 . Recyclers Shooed 2 | . 2 . Parts Field Recycled . | . . . Retrieved Matter . | . . . Parts Self-Destructed . | . . . Prevented . | . . . Kills | -11 -10 -10 ------- Run | Yrd Mat Min Combat Hostiles Destroyed 19 | . 18 1 Melee 1 | . . 1 Guns 17 | . 17 . Classes Destroyed 9 | . 8 1 Worker 1 | . 1 . Builder 1 | . 1 . Hauler 1 | . 1 . Recycler 1 | . 1 . Operator 2 | . 2 . Watcher 3 | . 3 . Swarmer 6 | . 6 . Grunt 12 | . 12 . Sentry 1 | . . 1 Best Kill Streak 3 | . 3 1 Combat Bots Only 3 | . 3 1 Max Kills in Single Turn 1 | . 1 1 Gunslinging . | . . . Exploded . | . . . Melee 1 | . . 1 Uniques/NPCs Destroyed . | . . . Combat | -11 -10 -10 -------- Run | Yrd Mat Min Hostile Shots Fired 138 | . 95 43 Missed 36 | . 29 7 Damage Taken 1335 | . 808 527 Core 255 | . 115 140 Absorbed by Shields . | . . . Regen/Repaired (Parts) 76 | . 76 . Core Remaining (%) 100 | 100 . . Volleys Fired 100 | . 98 2 Largest 2 | . 2 2 Hottest 150 | . 100 150 Shots Fired 195 | . 192 3 Gun 189 | . 188 1 Cannon . | . . . Launcher . | . . . Special 6 | . 4 2 Kinetic 64 | . 64 . Thermal 131 | . 128 3 Explosive . | . . . Electromagnetic . | . . . Robot Hit Streak 12 | . 12 1 Robot Miss Streak 4 | . 4 1 Penetration Max . | . . . Secondary Targets 2 | . 2 . Max Gunslinging Chain 1 | . 1 . Shots Hit Robots 114 | . 107 7 Core Hits 50 | . 49 1 Critical Kills . | . . . Critical Parts Destroyed . | . . . Critical Strikes 14 | . 12 2 Burn 13 | . 12 1 Sever 1 | . . 1 Melee Attacks 7 | . . 7 Impact . | . . . Slashing 7 | . . 7 Piercing . | . . . Sneak Attacks . | . . . Combat Hostiles . | . . . Follow-up Attacks . | . . . Damage Inflicted 1566 | . 1280 286 Guns 1283 | . 1270 13 Cannons . | . . . Explosions . | . . . Melee 240 | . . 240 Ramming 19 | . 10 9 Kinetic 244 | . 244 . Thermal 1063 | . 1026 37 Explosive . | . . . Electromagnetic . | . . . Impact . | . . . Slashing 240 | . . 240 Piercing . | . . . Highest Corruption 1 | . 1 1 Average Corruption 1 | . 1 1 Corruption Purged . | . . . Corruption Blocked . | . . . Effects 27 | . 16 11 Message Errors 7 | . 4 3 Matter Fused 8 | . 5 3 Heat Flow Errors 2 | . 1 1 Energy Discharges 6 | . 3 3 Data Loss (minor) 1 | . 1 . Data Loss (major) 2 | . 2 . Alerts 1 | . . 1 Overload Shots . | . . . Overflow Damage . | . . . Projectiles . | . . . Explosions . | . . . Melee . | . . . Knockbacks . | . . . Impact . | . . . Kinetic . | . . . Secondary . | . . . Self-Inflicted Damage . | . . . Shots . | . . . Rammed 3 | . 1 2 Targets Rammed 4 | . 2 2 Kicked . | . . . Crushed 1 | . 1 . Highest Temperature 486 | . 486 142 Average Temperature 120 | . 123 66 Received Heat Transfer 489 | . 291 198 Effects 8 | . 8 . Shutdowns 1 | . 1 . Energy Bleed 4 | . 4 . Damage (major) 3 | . 3 . Siege Activations . | . . . Robots Corrupted . | . . . Combat Hostiles . | . . . Parts Fried . | . . . Impact Corruptions . | . . . Robots Melted 1 | . 1 . Combat Hostiles 1 | . 1 . Parts Melted 9 | . 9 . Heat Transferred 4083 | . 3922 161 Parts Sabotaged . | . . . Parts Stolen . | . . . Parts Stripped . | . . . Power Chain Reactions . | . . . Alert | -11 -10 -10 ------- Run | Yrd Mat Min Peak Influence 237 | . 237 20 Initial . | . . . Average 44 | . 79 . Maximum Alert Level 1 | . 1 . Low Security (%) 95 | . 92 100 Level 1 4 | . 7 . Level 2 . | . . . Level 3 . | . . . Level 4 . | . . . Level 5 . | . . . High Security . | . . . Max Security . | . . . Squads Dispatched 3 | . 3 . Investigation 1 | . 1 . Extermination . | . . . Reinforcement 2 | . 2 . Assault . | . . . Garrison . | . . . Intercept . | . . . Searches Triggered . | . . . Construction Impeded . | . . . Haulers Reinforced . | . . . Active Scanning Responses . | . . . Cargo Convoy Interrupts . | . . . Stealth | -11 -10 -10 --------- Run | Yrd Mat Min Distress Signals 2 | . 2 . Communications Jammed . | . . . Distress Signals . | . . . Times Spotted 32 | . 30 2 Peak Tracking Total 4 | . 4 2 Tactical Retreats 2 | . 2 . Traps | -11 -10 -10 ------- Run | Yrd Mat Min Traps Triggered 3 | . 3 . Indirectly . | . . . Trap Hack Attempts . | . . . Triggered . | . . . Disarmed . | . . . Reprogrammed . | . . . Reused . | . . . Traps Extracted . | . . . Installed . | . . . Triggered . | . . . Machines | -11 -10 -10 ---------- Run | Yrd Mat Min Machines Disabled . | . . . Max in Single Turn . | . . . Machines Repaired . | . . . Machines Dismantled . | . . . Machines Sabotaged . | . . . Overloaded Fab Kills . | . . . Hacking | -11 -10 -10 --------- Run | Yrd Mat Min Machines Accessed 9 | . 9 . Terminals 6 | . 6 . Fabricators . | . . . Repair Stations 1 | . 1 . Recycling Units 2 | . 2 . Scanalyzers . | . . . Garrison Access . | . . . Total Hacks 25 | . 25 . Successful 16 | . 16 . Failed 9 | . 9 . Catastrophic . | . . . Database Lockouts . | . . . Manual 21 | . 21 . Terminals 18 | . 18 . Fabricators . | . . . Repair Stations 2 | . 2 . Recycling Units 5 | . 5 . Scanalyzers . | . . . Garrison Access . | . . . Terminal Hacks . | . . . Fabricator Hacks . | . . . Repair Station Hacks 2 | . 2 . Scan Component 1 | . 1 . Repair 1 | . 1 . Recycling Unit Hacks 2 | . 2 . Report Inventory 2 | . 2 . Scanalyzer . | . . . Garrison Access Hacks . | . . . Unauthorized Hacks 12 | . 12 . Terminals 11 | . 11 . Assimilate 4 | . 4 . Botnet 6 | . 6 . Operators 1 | . 1 . Fabricators . | . . . Repair Stations . | . . . Recycling Units 1 | . 1 . Tunnel 1 | . 1 . Scanalyzers . | . . . Garrison Access . | . . . Data Cores Recovered . | . . . Used . | . . . Hacking Detections 9 | . 9 . Full Trace Events 1 | . 1 . Feedback Events . | . . . Feedback Blocked . | . . . Robot Schematics Acquired . | . . . Robots Built . | . . . Authchips . | . . . Time . | . . . Total Robot Build Rating . | . . . Part Schematics Acquired . | . . . Parts Built . | . . . Authchips . | . . . Time . | . . . Total Part Build Rating . | . . . Parts Repaired 1 | . 1 . Time 26 | . 26 . Parts Recycled . | . . . Recycled Matter . | . . . Retrieved Matter . | . . . Retrieved Components . | . . . Parts Scanalyzed . | . . . Part Schematics Acquired . | . . . Parts Damaged . | . . . Bothacking | -11 -10 -10 ------------ Run | Yrd Mat Min Used RIF Installer . | . . . Robots Hacked . | . . . Non-combat . | . . . Combat . | . . . Robot Hacks Applied . | . . . Relay Couplers Released . | . . . Fabnet Peak Effective % . | . . . Robots Rewired . | . . . Allies Hacked . | . . . Hacks Repelled . | . . . Allies | -11 -10 -10 -------- Run | Yrd Mat Min Total Allies 2 | . 2 . Largest Group 2 | . 2 2 Highest-Rated Group 20 | . 20 20 Highest-Rated Ally 10 | . 10 10 Total Orders 3 | . 2 1 STAY 2 | . 1 1 FOLLOW 1 | . 1 . Ally Attacks . | . . . Total Damage . | . . . Kills . | . . . Allies Corrupted . | . . . Allies Melted . | . . . Intel | -11 -10 -10 ------- Run | Yrd Mat Min Robot Analysis Total . | . . . Derelict Logs Recovered 1 | . . 1 Drone Launches . | . . . Drone Recoveries . | . . . Exploration | -11 -10 -10 ------------- Run | Yrd Mat Min Turns Passed 4574 | . 2557 2017 Spaces Moved 1508 | 1 902 605 Core . | . . . Treads 1328 | . 723 605 Legs 30 | 1 29 . Wheels 150 | . 150 . Hover . | . . . Flight . | . . . Fastest Speed 80 | 120 80 320 Average Speed 253 | 120 208 320 Slowest Speed 480 | 120 320 480 Overloaded Moves . | . . . Propulsion Burnouts . | . . . Robots Hopped . | . . . Cave-ins Triggered . | . . . Exploration Rate (%) 65 | 2 96 98 Regions Visited 2 Branch Regions 1 Pre-discovered Areas 1 | . 1 . Known Exits Taken . | . . . Unknown Exits Taken 2 | 1 1 . Scrap Searched 3 | . . 3 Spaces Dug 2 | . 2 . Terrain Destroyed 4 | . 4 . Melee . | . . . Projectile 4 | . 4 . AOE . | . . . Terrain Rammed . | . . . Walls Destroyed . | . . . Machines Disabled . | . . . Actions | -11 -10 -10 --------- Run | Yrd Mat Min Total 2050 | . 1390 660 Wait 391 | . 354 37 Move 1506 | . 901 605 Hop . | . . . Pick Up 17 | . 14 3 Fast Attach 7 | . 5 2 Attach 6 | . 5 1 Detach . | . . . Swap 4 | . 4 . Drop 8 | . 7 1 Fire 100 | . 98 2 Melee 7 | . . 7 Ram . | . . . Kick . | . . . Crush 4 | . 2 2 Escape Stasis . | . . . Rewire . | . . . Trap . | . . . Miscellaneous . | . . . Route ------- -11/Scrapyard -10/Materials (discovered 5 exits: [*Mat x3] / [*Min x2]) -10/Mines (discovered 2 exits: [*Mat x2]) History --------- Turn | Location | Event 1 | -11/Scrapyard | Discovered new exit (range 0) 1 | -11/Scrapyard | Entered Materials 238 | -10/Materials | Discovered new exit (range 16) 309 | -10/Materials | Build established: Mutant 384 | -10/Materials | Discovered new exit (range 16) 520 | -10/Materials | Repaired Lgt. Armor Plating 605 | -10/Materials | Discovered new exit (range 8) 944 | -10/Materials | Discovered new exit (range 6) 1905 | -10/Materials | Discovered new exit (range 9) 2558 | -10/Materials | Entered Mines 2558 | -10/Mines | Accompanied by 2 allies 3255 | -10/Mines | Discovered new exit (range 13) 3408 | -10/Mines | Learned location of 1 exit from Materials 3466 | -10/Mines | A weapon hastily lodged in a ceiling crevice suddenly fell to the ground 4389 | -10/Mines | Discovered new exit (range 5) 4519 | -10/Mines | Core integrity fell below 50% 4556 | -10/Mines | Core integrity fell below 20% 4575 | -10/Mines | Destroyed by Y-45 Defender with Beam Rifle Last Messages --------------- 04387_ Acquired 5 matter. 04389_ EXIT=FOUND 04447_ System corrupted: Heat flow error (+128). 04474_ System corrupted: Energy discharge (-90). 04518_ Critical hit (Burn: +37). 04535_ Y-45 Defender suffers critical hit (Burn). 04536_ Mining Laser destroyed. 04538_ Lgt. Treads destroyed. 04546_ Y-45 Defender destroyed. 04547_ K-01 Serf collects debris. 04552_ Lgt. Treads destroyed. 04554_ Acquired Lgt. Treads. 04555_ K-01 Serf collects debris. 04558_ Med. Laser destroyed. 04558_ K-01 Serf collects debris. 04560_ Dropped Ion Engine. 04560_ Acquired Imp. Ion Engine. 04563_ K-01 Serf collects debris. 04569_ Y-45 Defender Hvy. Assault Rifle severed. 04571_ K-01 Serf collects debris. Map ----- +----------------------------------------------------+ | | | | | | | | | | | | | | | | | | | | | | | | | | | ???????????????????????????????????? | | ???????????????????????????????????? | | ??????????????###??????????????????? | | ?????????????## ####??????????????? | | ?????????????# #############??? | | ?????????????# #??? | | ???????######## ########### #??? | | ????#### #### #?????????# #??? | | ???##" ## #??## #?????????# #??? | | ???#"" # ##### ######????# #??? | | ???#![ + #????# #?## | | ???#!! + Y #### ###### | | ???#"" #k @ ##### ##??# ##### | | ???##"?##% * #???# #???###### #???# | | ???????# #???# #????????# ##### | | ???????# #???# #????????# | | ???????# #???# ################# | | ???????# #???# #?????? | | ???????#######???########### #?????? | | ???????????????????????????# #?????? | | ???????????????????????????# #?????? | | ???????????????????????????# #?????? | | ???????????????????????????# #?????? | | ???????????????????????????# ######? | | ???????????????????????????# =%! #? | | ???????????????????????????###### #? | | ????????????????????????????????# ## | | ???????????????????????????????## # | | ???????????????????????????????# < | | ??????????????????????????????# | | ?????????????????????????????# | | ?????????????????????????????## ## | | ??????????????????????????????##??## | | ???????????????????????????????????? | | ??????????????????????#####???###### | | ?????????????????????## ##### | | ????????????????###### ## | +----------------------------------------------------+ Best States ------------- Heat Dissipation 25 Energy Generation 12 Energy Capacity 265 Matter Stores 300 Matter Capacity 300 Sight Range 16 Terrain Scan Density 10 Armor Coverage 150 Evasion (%) 55 Recoil Reduction 2 Item Schematics ----------------- None Robot Schematics ------------------ None Fabricated ------------ Nothing Alien Tech Used ----------------- None Achievements -------------- None Challenges ------------ None Game ------ Seed HardlightSlugGun Manual? 0 Play Time 00:15:33 Cumulative 70.3 hours Start 2024.11.14 @ 07:04:05 End 2024.11.14 @ 07:22:32 Sessions 2 Manual Loads 0 Difficulty Rogue Special Mode None Game No. 118 Rogue 118 Adventurer 0 Explorer 0 Win Type - Total 0 Types 0/0/0/0/0/0/0/0/0 Lore% 40 Gallery% 35 Achievement% 34 Wizard Run 0 Options --------- Layout 0 ASCII 0 Keyboard 0 Movement Mouse Keybinds 0 Fullscreen 1 Font 24/Smallcaps Map View 91x25 Zoom Use 83% Tactical HUD 1 Map Filters NONE Filters NONE Steam 1 RUN: 9cc66d6c-01c7-45b5-b9f8-5815deb1065b